 Dungeon Crawl Stone Soup version 0.27-a0-1612-gde56a17b89 (webtiles) character file.

Game seed: 1594412547102455654

54 Gwenloh the Poker (level 3, 0/27 HPs)
             Began as a Merfolk Gladiator on July 21, 2021.
             Slain by an adder (4 damage)
             ... on level 2 of the Dungeon.
             The game lasted 00:03:45 (1546 turns).

Gwenloh the Poker (Merfolk Gladiator)               Turns: 1546, Time: 00:03:45

Health: 0/27       AC:  5    Str: 14    XL:     3   Next: 91%
Magic:  3/3        EV: 13    Int:  7    God:
Gold:   54         SH:  0    Dex: 16    Spells: 2/2 levels left

rFire    . . .     SeeInvis .   a - +0 trident
rCold    . . .     Faith    .   (no shield)
rNeg     . . .     Spirit   .   b - +0 leather armour
rPois    .         Reflect  .   c - +0 helmet
rElec    .         Harm     .   (no cloak)
rCorr    .         Rampage  .   j - +0 pair of gloves
Will     .....                  (no boots)
Stlth    +.........             (no amulet)
HPRegen  0.09/turn              (no ring)
MPRegen  0.08/turn              (no ring)

@: lethally poisoned (0 -> -3)
A: (nimble swimmer 2), mertail
a: no special abilities


You were on level 2 of the Dungeon.
You visited 1 branch of the dungeon, and saw 2 of its levels.

You collected 54 gold pieces.

Inventory:

Hand Weapons
 a - a +0 trident (weapon)
Missiles
 d - 3 throwing nets
 e - 20 stones (quivered)
 i - 2 javelins
Armour
 b - a +0 leather armour (worn)
 c - a +0 helmet (worn)
 j - a +0 pair of gloves (worn)
Wands
 m - a wand of charming (10)
Scrolls
 g - a scroll of silence {unknown}
 h - 2 scrolls of fog {unknown}
 k - a scroll of identify {unknown}
Potions
 f - a potion of curing {unknown}
 l - a potion of lignification {unknown}


   Skills:
 - Level 2.1 Fighting
 * Level 6.1 Polearms
 - Level 2.0 Throwing
 + Level 4.8 Dodging


You had 2 spell levels left.
You didn't know any spells.
Your spell library was empty.

Dungeon Overview and Level Annotations

Branches:
Dungeon (2/15)

Altars:


Innate Abilities, Weirdness & Mutations

((You are quick and stealthy near water. (Stealth+, EV+, Speed+++)))
Your lower body shifts to a powerful aquatic tail in water.


Message History

The adder barely misses you. x2
You miss the adder.
The adder is lightly wounded.
The adder bites you.
You closely miss the adder.
The adder is lightly wounded.
The adder bites you.
You are poisoned.
The adder poisons you!
You hit the adder but do no damage.
The adder is lightly wounded.
You feel sick. The adder misses you. The adder barely misses you.
You are too injured to fight recklessly!
You are too injured to fight recklessly!
You are too injured to fight recklessly!
You hit the adder.
The adder is heavily wounded.
You feel sick. The adder barely misses you.
You miss the adder.
The adder is heavily wounded.
You feel sick. The adder bites you.
You are more poisoned.
The adder poisons you!
You barely miss the adder.
The adder is heavily wounded.
* * * LOW HITPOINT WARNING * * *
You feel sick. The adder misses you.
You closely miss the adder.
The adder is heavily wounded.
* * * LOW HITPOINT WARNING * * *
You feel sick. The adder closely misses you. x2
You barely miss the adder.
The adder is heavily wounded.
* * * LOW HITPOINT WARNING * * *
You feel sick. The adder barely misses you.
You closely miss the adder.
The adder is heavily wounded.
* * * LOW HITPOINT WARNING * * *
You feel sick. The adder bites you.
You die...

♣♣..†..♣
♣♣♣..♣ #.#
♣.....♣♣
♣♣♣♣...♣♣
#.# ♣...♣♣.♣
♣♣.♣.♣.♣♣
#.# ♣.♣ ♣.♣
♣♣♣...♣♣♣♣
#.# ♣
♣.♣♣♣♣.♣.♣♣♣
#.#
♣♣.♣♣.♣..♣♣
#.###
♣♣...♣♣..♣
######...#
♣♣♣♣♣♣♣.♣♣
#...####.#
♣.@♣
###.##....
♣♣♣S♣
#.##.... .♣
#....... .♣
####.(.. ♣(
#>... .
###.. .♣ ##<
♣( #######.
#.......


You could see an adder.

Vanquished Creatures
  An adder (D:2)
  3 endoplasms (D:1)
  A giant cockroach (D:1)
  4 hobgoblins
  10 jackals
  3 ball pythons
  4 bats
  A frilled lizard (D:1)
  5 goblins
  4 kobolds
  5 rats
41 creatures vanquished.

Notes
Turn   | Place    | Note
-------+----------+-------------------------------------------
     0 | D:1      | Gwenloh the Merfolk Gladiator began the quest for the Orb.
     0 | D:1      | Reached XP level 1. HP: 16/16 MP: 1/1
   170 | D:1      | Reached XP level 2. HP: 22/22 MP: 2/2
   171 | D:1      | Reached skill level 5 in Polearms
   465 | D:1      | Reached XP level 3. HP: 26/27 MP: 3/3
  1103 | D:2      | Reached skill level 6 in Polearms
  1546 | D:2      | Slain by an adder

Illustrated notes

Levels and vault maps discovered:
D:1:      psy_arrival_statuary, layout_basic
D:2:      kb_forest_paths, layout_loops_ring

Skill      XL: |  1  2  3 |
---------------+----------+-----
Polearms       | 5 6 |  6.1
Fighting       | |  2.1
Throwing       | |  2.0
Dodging        | |  4.8

Action                   || total
-------------------------++-------
Melee: Trident           ||   125
Throw: Stone             ||    35
 Stab: Sleeping          ||     2
Armor: Leather armour    ||    29
Dodge: Dodged            ||    50

Table legend: (Time is in decaauts)
 A = Elapsed time spent in this place.
 B = Non-inter-level travel time spent in this place.
 C = Inter-level travel time spent in this place.
 D = Time resting spent in this place.
 E = Time spent auto-exploring this place.
 F = Levels seen in this place.
 G = Mean time per level.
                   A        B        C        D        E       F      G
               +--------+--------+--------+--------+--------+-----+--------+
         Total |   1549 |   1426 |    123 |     67 |   1066 |   2 |  774.5 |
       Dungeon |   1549 |   1426 |    123 |     67 |   1066 |   2 |  774.5 |
               +--------+--------+--------+--------+--------+-----+--------+

Top non-repeatable levels by time:
     D:1: 916 daAuts
     D:2: 633 daAuts
